Construct Section Command Post
Selects Canadian Shock Battlegroup
Construct Platoon Command Post
Selects Canadian Shock Section
Unlock Bishop Self-propelled Artillery
6-pounder Anti-tank Gun Team
Selects Incendiary Munitions
Bishop Self-propelled Artillery
Bishop Self-propelled Artillery
Bishop Self-propelled Artillery
Selects Churchill Crocodile Heavy Tank
Churchill Crocodile Heavy Tank
Construct Company Command Post